Map: 16 бит РВ

Players

Murena - Winner!

  • Race: Terran Terran
  • Spawn Location: 1:00

ИИ 1 (эксперт)

  • Race: Protoss Protoss
  • Spawn Location: 7:00

VOD

Have the link to the VOD?

Description

Time

  • Played on: March 29, 2019, 7:07 a.m.
  • Length: 10:13
Show
View Real Time Build Order
Export as new Build Order

Murena Terran - Winner!

Build Orders: Command Center First (CC) 

Get SALT Encoding   

  12  0:01  SCV  
  13  0:13  SCV  
  14  0:26  SCV  
  15  0:47  Command Center  
  15  0:55  Supply Depot  
  15  1:19  Barracks, SCV  
  15  1:21  Refinery  
  16  1:31  SCV  
  17  1:44  SCV  
  18  2:06  Orbital Command x2  
  18  2:11  Barracks  
  18  2:12  Marine  
  19  2:24  Barracks  
  19  2:32  SCV  
  19  2:37  Bunker, Marine  
  20  2:41  SCV  
  22  2:45  SCV  
  23  2:54  SCV  
  23  2:55  Marine  
  25  2:59  Barracks Reactor, SCV  
  26  3:08  SCV  
  26  3:11  Marine  
  28  3:13  SCV  
  28  3:15  Barracks Reactor  
  28  3:16  Refinery  
  29  3:23  SCV  
  29  3:24  Barracks  
  29  3:25  SCV  
  31  3:31  Barracks Tech Lab  
  31  3:32  Engineering Bay  
  31  3:36  Marine x2  
  31  3:39  Supply Depot  
  31  3:40  SCV  
  31  3:41  SCV  
  35  3:48  Factory  
  35  3:50  Marauder  
  35  3:52  Marine  
  38  3:57  Supply Depot  
  38  4:01  SCV  
  38  4:02  SCV  
  40  4:03  Marine x2  
  40  4:05  Marine  
  43  4:10  Barracks Tech Lab  
  43  4:12  Marauder  
  43  4:14  SCV  
  46  4:19  SCV  
  46  4:22  Marine x2  
  46  4:23  Marine x2  
  51  4:24  Combat Shield  
  51  4:29  SCV, Supply Depot  
  52  4:32  Marauder  
  54  4:38  Supply Depot  
  54  4:47  Missile Turret  
  54  4:49  Missile Turret  
  54  4:51  SCV  
  57  4:52  Marauder  
  57  4:53  Marine x2  
  57  4:54  Marine  
  57  4:55  Marine  
  57  4:58  SCV  
  62  5:06  SCV  
  60  5:08  Marauder  
  62  5:14  Refinery  
  62  5:15  SCV  
  62  5:17  Marauder  
  62  5:19  SCV  
  62  5:20  Concussive Shells  
  66  5:22  Supply Depot, Terran Infantry Weapons Level 1  
  66  5:23  Marine  
  66  5:27  Factory Tech Lab  
  67  5:35  Starport  
  67  5:45  SCV x2, Supply Depot  
  67  5:47  Marauder  
  67  5:48  Marauder, Marine x2  
  67  5:49  Marine x2  
  77  5:56  Stimpack  
  77  5:57  SCV  
  77  5:58  Supply Depot  
  78  6:09  Marauder  
  78  6:10  Marauder, Marine x2  
  78  6:11  Marine x2  
  86  6:12  Starport Reactor  
  86  6:19  SCV  
  86  6:20  Supply Depot  
  86  6:24  Engineering Bay  
  87  6:28  SCV  
  87  6:31  Marauder  
  87  6:32  Marauder, Marine x2  
  94  6:40  Supply Depot x2  
  94  6:41  Marine x2  
  94  6:44  Cyclone  
  99  6:54  SCV  
  99  6:55  SCV  
  99  6:56  Barracks  
  99  7:00  Barracks  
  101  7:03  Medivac  
  101  7:04  Medivac  
  105  7:10  Marauder x2, Marine  
  105  7:11  Marine x3  
  105  7:13  Starport  
  113  7:16  Terran Infantry Armor Level 1  
  113  7:23  Refinery  
Show
View Real Time Build Order
Export as new Build Order

ИИ 1 (эксперт) Protoss 

Build Orders: Blink Stalkers, Zealot Archon 

Get SALT Encoding   

  12  0:00  Probe  
  13  0:13  Probe  
  14  0:20  Pylon  
  14  0:25  Probe  
  15  0:34  Probe  
  15  0:42  Probe  
  16  0:48  Assimilator  
  17  0:50  Gateway  
  17  0:52  Probe  
  18  1:00  Probe  
  18  1:01  Pylon  
  18  1:08  Probe  
  20  1:19  Probe  
  21  1:34  Assimilator  
  21  1:36  Probe  
  21  1:38  Zealot  
  21  1:39  Cybernetics Core  
  24  1:48  Probe  
  25  1:59  Probe  
  26  2:06  Warp Gate, Pylon  
  26  2:07  Probe  
  27  2:17  Stalker  
  27  2:19  Twilight Council  
  29  2:31  Probe, Gateway  
  30  2:43  Probe  
  31  2:47  Stalker  
  33  2:59  Blink  
  33  3:03  Gateway  
  33  3:16  Pylon  
  33  3:17  Stalker  
  35  3:22  Stalker  
  35  3:25  Probe  
  38  3:37  Probe  
  39  3:46  Stalker  
  41  3:57  Stalker  
  41  3:58  Pylon  
  41  4:00  Stalker  
  45  4:08  Pylon  
  45  4:20  Zealot  
  45  4:23  Stalker x2  
  51  4:40  Adept  
  51  4:41  Adept  
  51  4:45  Gateway  
  55  4:46  Adept  
  57  5:00  Adept  
  57  5:01  Adept  
  57  5:06  Adept  
  59  5:20  Adept  
  61  5:22  Zealot  
  61  5:26  Pylon  
  63  5:44  Zealot, Sentry  
  63  5:48  Robotics Facility  
  67  5:51  Templar Archives  
  67  6:08  Pylon  
  67  6:12  Nexus  
  67  6:26  Zealot  
  67  6:27  High Templar  
  67  6:32  Pylon  
  71  6:36  Zealot  
  73  6:41  High Templar  
  73  6:42  Zealot  
  73  6:46  Archon  
  77  6:54  Pylon  
  77  6:59  Zealot  
  79  7:05  Zealot  
  81  7:08  High Templar  
  81  7:14  Pylon  
  83  7:19  Zealot  
  83  7:20  Probe  
  85  7:24  Probe  
  85  7:28  Probe  
  87  7:36  Probe  
  89  7:37  High Templar  
  89  7:38  Probe  
  89  7:41  Archon  
  92  7:48  Probe  
  92  7:49  Assimilator  
  92  7:50  Probe  
  94  8:00  Probe  
  94  8:02  Probe, Assimilator  
  94  8:05  High Templar  
  98  8:12  Probe  
  98  8:14  Probe  
  100  8:21  Probe  
  100  8:22  Zealot x3  
  100  8:26  Probe  
  98  8:27  Pylon  
  98  8:30  Probe  
  65  8:37  Zealot  
  65  8:38  High Templar  
  54  8:42  High Templar  
  56  8:54  Zealot  
  46  9:04  Zealot  
  46  9:09  Pylon  
  28  9:28  Pylon  
Tags
 
Add a new tag
Caveats
  • Supply blocks, unpowered buildings, or Contaminate may cause inaccurate times.
  • Supply counts are checked every 10 seconds.